NYP
AUBURN DOUBLEDAYS @ WEST VIRGINIA BLACK BEARS
05/20/2044
 
TOP OF THE 1ST
Auburn Doubledays batting - Pitching for West Virginia Black Bears : RHP Ian Toney
Pitching: RHP Ian Toney
Batting: RHB Jim Miske 0-0: SINGLE (Groundball, 6MD, EV 93.8 MPH)
Batting: RHB Ryan Hiemer 0-0: Called Strike
0-1: Foul Ball, location: 2F
0-2: Ball
1-2: SINGLE (Line Drive, 6D, EV 96.9 MPH)
Jim Miske to second
Runner from 2nd tries for 3rd, SAFE, throw by CF made to third
Batting: LHB John Luke 0-0: Ball
1-0: Called Strike
1-1: Foul Ball, location: 2F
1-2: Foul Ball, location: 2F
1-2: 3-RUN HOME RUN (Flyball, 89XD, EV 109.4 MPH), Distance : 431 ft
Batting: RHB Slavik Nebrodov 0-0: Ball
1-0: Called Strike
1-1: Foul Ball, location: 2F
1-2: Strikes out swinging
Batting: LHB Elias Posada 0-0: Swinging Strike
0-1: Swinging Strike
0-2: Ball
1-2: Strikes out swinging
Batting: SHB Alex Medina 0-0: Ball
1-0: Ball
2-0: Ball
3-0: Called Strike
3-1: Base on Balls
Batting: RHB Travis Stanley 0-0: Ball
1-0: Ball
2-0: Reached on error, E5 (Groundball, 56S, EV 85.6 MPH)
Alex Medina to second
Batting: RHB Isaiah Seme 0-0: Called Strike
0-1: Ground out 4-3 (Groundball, 13, EV 83.1 MPH)
Top of the 1st over - 3 runs, 3 hits, 1 error, 2 left on base; Auburn 3 - West Virginia 0
BOTTOM OF THE 1ST
West Virginia Black Bears batting - Pitching for Auburn Doubledays : LHP Jason Wasson
Pitching: LHP Jason Wasson
Batting: RHB Junki Nakamoto 0-0: Called Strike
0-1: Swinging Strike
0-2: Strikes out swinging
Batting: RHB Pleun Smit 0-0: Ball
1-0: Called Strike
1-1: Ball
2-1: Ball
3-1: Foul Ball, location: 2F
3-2: Base on Balls
Batting: RHB Jose Almonte 0-0: Ball
1-0: Called Strike
Pleun Smit steals 2nd base
1-1: Called Strike
1-2: Strikes out looking
Batting: RHB Chris Pozzi 0-0: Foul Ball, location: 2F
0-1: Swinging Strike
0-2: Ball
1-2: Strikes out swinging
Bottom of the 1st over - 0 runs, 0 hits, 0 errors, 1 left on base; Auburn 3 - West Virginia 0
TOP OF THE 2ND
Auburn Doubledays batting - Pitching for West Virginia Black Bears : RHP Ian Toney
Batting: RHB Jon Hill 0-0: Ball
1-0: Ball
2-0: Ball
3-0: Called Strike
3-1: Foul Ball, location: 2F
3-2: Strikes out swinging
Batting: RHB Jim Miske 0-0: Called Strike
0-1: Called Strike
0-2: Ball
1-2: Ground out 6-3 (Groundball, 56D, EV 78.8 MPH)
Batting: RHB Ryan Hiemer 0-0: Called Strike
0-1: Called Strike
0-2: Ball
1-2: Foul Ball, location: 2F
1-2: Ground out 5-3 (Groundball, 56, EV 93.1 MPH)
Top of the 2nd over - 0 runs, 0 hits, 0 errors, 0 left on base; Auburn 3 - West Virginia 0
BOTTOM OF THE 2ND
West Virginia Black Bears batting - Pitching for Auburn Doubledays : LHP Jason Wasson
Batting: SHB Mike Corley 0-0: Ball
1-0: Called Strike
1-1: Ball
2-1: Swinging Strike
2-2: Strikes out looking
Batting: RHB John Goynes 0-0: Called Strike
0-1: Foul Ball, location: 2F
0-2: Foul Ball, location: 2F
0-2: Ball
1-2: Foul Ball, location: 2F
1-2: Foul Ball, location: 2F
1-2: Foul Ball, location: 2F
1-2: Ball
2-2: Foul Ball, location: 2F
2-2: Fly out, F9 (Flyball, 89D, EV 75.0 MPH)
Batting: LHB Gregg Kellerman 0-0: Ball
1-0: Foul Ball, location: 2F
1-1: Ball
2-1: Ground out 3-1 (Groundball, 34, EV 103.8 MPH)
Bottom of the 2nd over - 0 runs, 0 hits, 0 errors, 0 left on base; Auburn 3 - West Virginia 0
TOP OF THE 3RD
Auburn Doubledays batting - Pitching for West Virginia Black Bears : RHP Ian Toney
Batting: LHB John Luke 0-0: Called Strike
0-1: Ball
1-1: Called Strike
1-2: Ground out U3 (Groundball, 3, EV 91.2 MPH)
Batting: RHB Slavik Nebrodov 0-0: Called Strike
0-1: Foul Ball, location: 2F
0-2: Strikes out swinging
Batting: LHB Elias Posada 0-0: Called Strike
0-1: Ball
1-1: TRIPLE (Line Drive, 89XD, EV 108.1 MPH)
Batting: SHB Alex Medina 0-0: Foul Ball, location: 2F
0-1: Ball
1-1: Called Strike
1-2: Ball
2-2: Ground out U3 (Groundball, 3, EV 110.6 MPH)
Top of the 3rd over - 0 runs, 1 hit, 0 errors, 1 left on base; Auburn 3 - West Virginia 0
BOTTOM OF THE 3RD
West Virginia Black Bears batting - Pitching for Auburn Doubledays : LHP Jason Wasson
Batting: RHB Richard Barrios 0-0: Ball
1-0: Ball
2-0: Ball
3-0: Base on Balls
Batting: RHB Steve Dennis 0-0: Ball
1-0: Swinging Strike
1-1: Ball
Passed Ball!
Richard Barrios to second
2-1: Ball
3-1: Foul Ball, location: 2F
3-2: Base on Balls
Batting: RHB Junki Nakamoto 0-0: Ball
1-0: Called Strike
1-1: Ball
2-1: TRIPLE (Flyball, 78XD, EV 91.9 MPH)
Richard Barrios scores
Steve Dennis scores
Batting: RHB Pleun Smit 0-0: TRIPLE (Flyball, 78XD, EV 91.2 MPH)
Junki Nakamoto scores
Batting: RHB Jose Almonte 0-0: Ball
Wild Pitch!
Pleun Smit scores
1-0: Called Strike
1-1: Foul Ball, location: 2F
1-2: Ball
2-2: Strikes out swinging
Batting: RHB Chris Pozzi 0-0: Foul Ball, location: 2F
0-1: Ball
1-1: Ball
2-1: SINGLE (Flyball, 9LS, EV 93.1 MPH)
Batting: SHB Mike Corley 0-0: Ball
1-0: Fielders Choice at 2nd, U6 (Groundball, P, EV 94.4 MPH)
Batting: RHB John Goynes 0-0: Ball
1-0: Called Strike
1-1: Ball
2-1: Called Strike
2-2: Strikes out swinging
Bottom of the 3rd over - 4 runs, 3 hits, 0 errors, 1 left on base; Auburn 3 - West Virginia 4
TOP OF THE 4TH
Auburn Doubledays batting - Pitching for West Virginia Black Bears : RHP Ian Toney
Batting: RHB Travis Stanley 0-0: Ball
1-0: Foul Ball, location: 2F
1-1: SINGLE (Groundball, 56, EV 95.0 MPH)
Batting: RHB Isaiah Seme 0-0: Swinging Strike
0-1: Foul Ball, location: 2F
0-2: Grounds into double play, 4-6-3 (Groundball, 4, EV 83.8 MPH)
Batting: RHB Jon Hill 0-0: Ball
1-0: Called Strike
1-1: Ball
2-1: Foul Ball, location: 2F
2-2: Ball
3-2: Foul Ball, location: 2F
3-2: Foul Ball, location: 2F
3-2: Foul Ball, location: 2F
3-2: Strikes out swinging
Top of the 4th over - 0 runs, 1 hit, 0 errors, 0 left on base; Auburn 3 - West Virginia 4
BOTTOM OF THE 4TH
West Virginia Black Bears batting - Pitching for Auburn Doubledays : LHP Jason Wasson
Batting: LHB Gregg Kellerman 0-0: SINGLE (Popup, 6MD, EV 75.0 MPH)
Batting: RHB Richard Barrios 0-0: Swinging Strike
0-1: Foul Ball, location: 2F
0-2: Strikes out swinging
Batting: RHB Steve Dennis 0-0: Foul Ball, location: 2F
0-1: Ball
1-1: Fielders Choice at 2nd, 3-6 (Groundball, 34S, EV 82.5 MPH)
Batting: RHB Junki Nakamoto 0-0: Called Strike
0-1: TRIPLE (Line Drive, 89XD, EV 104.4 MPH)
Steve Dennis scores
Batting: RHB Pleun Smit 0-0: Ball
1-0: Fly out, F8 (Flyball, 8LS, EV 81.2 MPH)
Bottom of the 4th over - 1 run, 2 hits, 0 errors, 1 left on base; Auburn 3 - West Virginia 5
TOP OF THE 5TH
Auburn Doubledays batting - Pitching for West Virginia Black Bears : RHP Ian Toney
Batting: RHB Jim Miske 0-0: Foul Ball, location: 2F
0-1: Ball
1-1: Hit by Pitch
Pinch Runner at 1st David Rojas:
Batting: RHB Ryan Hiemer 0-0: Called Strike
0-1: Fly out, F3 (Popup, 23F, EV 88.8 MPH)
Batting: LHB John Luke 0-0: Swinging Strike
0-1: Swinging Strike
Passed Ball!
David Rojas to second
0-2: Ball
1-2: Ball
2-2: Ground out 6-3 (Groundball, 6, EV 88.8 MPH)
Batting: RHB Slavik Nebrodov 0-0: Ball
1-0: Ground out 6-3 (Groundball, 6, EV 81.2 MPH)
Top of the 5th over - 0 runs, 0 hits, 0 errors, 1 left on base; Auburn 3 - West Virginia 5
BOTTOM OF THE 5TH
West Virginia Black Bears batting - Pitching for Auburn Doubledays : LHP Jason Wasson
Pitching: LHP Juan Bonet
Batting: RHB Jose Almonte 0-0: Ground out 5-3 (Groundball, 56, EV 98.1 MPH)
Batting: RHB Chris Pozzi 0-0: Ball
1-0: Called Strike
1-1: Ball
2-1: Ball
3-1: SINGLE (Flyball, 6D, EV 96.9 MPH)
Batting: SHB Mike Corley 0-0: Called Strike
0-1: Ball
Wild Pitch!
Chris Pozzi to second
1-1: Foul Ball, location: 2F
1-2: Ground out 5-3 (Groundball, 56, EV 83.1 MPH)
Batting: RHB John Goynes 0-0: Ball
1-0: Ball
2-0: Ball
3-0: Base on Balls
Batting: LHB Gregg Kellerman 0-0: Swinging Strike
0-1: Ball
1-1: Ball
2-1: Swinging Strike
2-2: Foul Ball, location: 2F
2-2: Ball
3-2: Strikes out looking
Bottom of the 5th over - 0 runs, 1 hit, 0 errors, 2 left on base; Auburn 3 - West Virginia 5
TOP OF THE 6TH
Auburn Doubledays batting - Pitching for West Virginia Black Bears : RHP Ian Toney
Batting: LHB Elias Posada 0-0: Ball
1-0: Ball
2-0: Ball
3-0: Base on Balls
Batting: SHB Alex Medina 0-0: Ball
Elias Posada steals 2nd base
1-0: Ball
2-0: Ball
3-0: Base on Balls
Pitching: RHP Eldon Darrah
Batting: RHB Travis Stanley 0-0: Called Strike
0-1: Fly out, F7 (Flyball, 78M, EV 91.9 MPH)
Batting: RHB Isaiah Seme 0-0: Foul Ball, location: 2F
0-1: Called Strike
0-2: Ball
1-2: Ball
2-2: Foul Ball, location: 2F
2-2: Foul Ball, location: 2F
2-2: Foul Ball, location: 2F
2-2: Strikes out swinging
Pinch Hitting: RHB Bryan Ernst 0-0: Ball
1-0: Ground out 1-3 (Groundball, P, EV 60.0 MPH)
Top of the 6th over - 0 runs, 0 hits, 0 errors, 2 left on base; Auburn 3 - West Virginia 5
BOTTOM OF THE 6TH
West Virginia Black Bears batting - Pitching for Auburn Doubledays : LHP Juan Bonet
Now at 3B: Joe Young
Batting: RHB Richard Barrios 0-0: Ball
1-0: Swinging Strike
1-1: Ball
2-1: Foul Ball, location: 2F
2-2: Strikes out looking
Batting: RHB Steve Dennis 0-0: Called Strike
0-1: Ball
1-1: Ball
2-1: Foul Ball, location: 2F
2-2: Ball
3-2: Base on Balls
Batting: RHB Junki Nakamoto 0-0: Ball
1-0: Called Strike
1-1: Ball
2-1: Fly out, F8 (Flyball, 8RD, EV 106.9 MPH)
Batting: RHB Pleun Smit 0-0: Foul Ball, location: 2F
0-1: Ball
1-1: Swinging Strike
1-2: Foul Ball, location: 2F
1-2: Ball
2-2: Ball
3-2: Ground out 6-3 (Groundball, 6S, EV 85.6 MPH)
Bottom of the 6th over - 0 runs, 0 hits, 0 errors, 1 left on base; Auburn 3 - West Virginia 5
TOP OF THE 7TH
Auburn Doubledays batting - Pitching for West Virginia Black Bears : RHP Eldon Darrah
Now at SS: Brandon Sarni
Now in RF: Steve Dennis
Batting: RHB David Rojas 0-0: Foul Ball, location: 2F
0-1: Ball
1-1: Ball
2-1: Swinging Strike
2-2: Strikes out swinging
Batting: RHB Ryan Hiemer 0-0: Ball
1-0: Fly out, F8 (Flyball, 8RD, EV 106.9 MPH)
Batting: LHB John Luke 0-0: Ball
1-0: Foul Ball, location: 2F
1-1: Ground out 6-3 (Groundball, 6, EV 100.6 MPH)
Top of the 7th over - 0 runs, 0 hits, 0 errors, 0 left on base; Auburn 3 - West Virginia 5
BOTTOM OF THE 7TH
West Virginia Black Bears batting - Pitching for Auburn Doubledays : LHP Juan Bonet
Pitching: LHP Ruben de Leon
Batting: RHB Jose Almonte 0-0: Ball
1-0: Ball
2-0: Ball
3-0: Base on Balls
Batting: RHB Chris Pozzi 0-0: Called Strike
0-1: Foul Ball, location: 2F
0-2: Ball
1-2: Ball
2-2: Strikes out swinging
Batting: LHB Brandon Sarni 0-0: Ball
1-0: Ball
2-0: Called Strike
2-1: Swinging Strike
2-2: Ball
3-2: Base on Balls
Jose Almonte to second
Batting: RHB John Goynes 0-0: Called Strike
0-1: Fielders Choice at 2nd, 6-4 (Groundball, 56, EV 110.6 MPH)
Jose Almonte to third
Batting: LHB Gregg Kellerman 0-0: Ball
1-0: Swinging Strike
1-1: Ball
2-1: Ball
3-1: Called Strike
3-2: Strikes out swinging
Bottom of the 7th over - 0 runs, 0 hits, 0 errors, 2 left on base; Auburn 3 - West Virginia 5
TOP OF THE 8TH
Auburn Doubledays batting - Pitching for West Virginia Black Bears : RHP Eldon Darrah
Pitching: RHP Mike West
Now in LF: Alan Pumphrey
Batting: RHB Slavik Nebrodov 0-0: Foul Ball, location: 2F
0-1: Ball
1-1: Ball
2-1: Called Strike
2-2: Strikes out swinging
Batting: LHB Elias Posada 0-0: Foul Ball, location: 2F
0-1: Ball
1-1: Foul Ball, location: 2F
1-2: Foul Ball, location: 2F
1-2: Strikes out swinging
Batting: SHB Alex Medina 0-0: Ball
1-0: Called Strike
1-1: DOUBLE (Line Drive, 78D, EV 106.9 MPH)
Batting: RHB Travis Stanley 0-0: Ball
1-0: 2-RUN HOME RUN (Flyball, 7D, EV 99.4 MPH), Distance : 399 ft
Batting: RHB Isaiah Seme 0-0: Called Strike
0-1: Foul Ball, location: 2F
0-2: SINGLE (Groundball, 56D, EV 94.4 MPH)
Batting: RHB Joe Young 0-0: Called Strike
0-1: Ball
1-1: Ground out 3-1 (Groundball, 34S, EV 93.1 MPH)
Top of the 8th over - 2 runs, 3 hits, 0 errors, 1 left on base; Auburn 5 - West Virginia 5
BOTTOM OF THE 8TH
West Virginia Black Bears batting - Pitching for Auburn Doubledays : LHP Ruben de Leon
Pitching: RHP Luis Galvez
Pinch Hitting: LHB Donald Imre 0-0: Ball
1-0: Foul Ball, location: 2F
1-1: Ball
2-1: SINGLE (Line Drive, 8LM, EV 93.1 MPH)
Pinch Hitting: LHB Pat Baker 0-0: Ball
1-0: Grounds into double play, 3-6-3 (Groundball, 34, EV 100.6 MPH)
Pinch Hitting: RHB Freddy Quintero 0-0: Foul Ball, location: 2F
0-1: Ball
1-1: Ball
2-1: SINGLE (Groundball, 56D, EV 104.4 MPH)
Batting: RHB Pleun Smit 0-0: Called Strike
0-1: Called Strike
0-2: Fly out, F9 (Flyball, 9, EV 87.5 MPH)
Bottom of the 8th over - 0 runs, 2 hits, 0 errors, 1 left on base; Auburn 5 - West Virginia 5
TOP OF THE 9TH
Auburn Doubledays batting - Pitching for West Virginia Black Bears : RHP Mike West
Pitching: RHP Joel Olausson
Now at 2B: Pleun Smit
Now at 3B: Freddy Quintero
Now in CF: Joe Hoover
Now in RF: Roberto Guzman
Batting: RHB Jeff Page 0-0: Ball
1-0: Ball
2-0: Called Strike
2-1: Swinging Strike
2-2: Foul Ball, location: 2F
2-2: Ball
3-2: Foul Ball, location: 2F
3-2: Base on Balls
Batting: RHB Ryan Hiemer 0-0: Called Strike
0-1: Fly out, F8 (Flyball, 8RM, EV 90.6 MPH)
Batting: LHB John Luke 0-0: Ball
1-0: Called Strike
1-1: Ball
2-1: DOUBLE (Line Drive, 78XD, EV 103.8 MPH)
Jeff Page to third
Batting: RHB Slavik Nebrodov 0-0: Foul Ball, location: 2F
0-1: Called Strike
0-2: Strikes out looking
Batting: LHB Elias Posada 0-0: Intentional Walk
Batting: SHB Alex Medina 0-0: Swinging Strike
0-1: Foul Ball, location: 2F
0-2: Fielders Choice at 2nd, 5-4 (Groundball, 56, EV 86.2 MPH)
Top of the 9th over - 0 runs, 1 hit, 0 errors, 3 left on base; Auburn 5 - West Virginia 5
BOTTOM OF THE 9TH
West Virginia Black Bears batting - Pitching for Auburn Doubledays : RHP Luis Galvez
Pitching: RHP Felipe Valencia
Batting: LHB Alan Pumphrey 0-0: Ball
1-0: Foul Ball, location: 2F
1-1: Ball
2-1: Ground out U3 (Groundball, 34S, EV 85.6 MPH)
Batting: RHB Chris Pozzi 0-0: Called Strike
0-1: Called Strike
0-2: Ball
1-2: Ball
2-2: Ball
3-2: Foul Ball, location: 2F
3-2: Base on Balls
Batting: LHB Brandon Sarni 0-0: Ball
Chris Pozzi is caught stealing 2nd base 2-6
1-0: Ball
2-0: Ball
3-0: Called Strike
3-1: Foul Ball, location: 2F
3-2: Base on Balls
Batting: RHB John Goynes 0-0: Called Strike
0-1: Foul Ball, location: 2F
0-2: Fielders Choice at 2nd, 6-4 (Groundball, 6, EV 87.5 MPH)
Bottom of the 9th over - 0 runs, 0 hits, 0 errors, 1 left on base; Auburn 5 - West Virginia 5
TOP OF THE 10TH
Auburn Doubledays batting - Pitching for West Virginia Black Bears : RHP Joel Olausson
Pitching: RHP Shinya Ito
Batting: RHB Travis Stanley 0-0: SINGLE (Groundball, 56, EV 104.4 MPH)
Batting: RHB Isaiah Seme 0-0: Ball
1-0: Sac Bunt to 25 - play at first, batter OUT! 5-4
Travis Stanley to second
Batting: RHB Joe Young 0-0: Ball
Wild Pitch!
Travis Stanley to third
1-0: Called Strike
Squeeze bunt is on, Travis Stanley is out
1-2: Foul Ball, location: 2F
1-2: Strikes out looking
Top of the 10th over - 0 runs, 1 hit, 0 errors, 0 left on base; Auburn 5 - West Virginia 5
BOTTOM OF THE 10TH
West Virginia Black Bears batting - Pitching for Auburn Doubledays : RHP Felipe Valencia
Batting: LHB Gregg Kellerman 0-0: Ball
1-0: Called Strike
1-1: SOLO HOME RUN (Flyball, 9LD, EV 92.5 MPH), Distance : 350 ft
Bottom of the 10th over - 1 run, 1 hit, 0 errors, 0 left on base; Auburn 5 - West Virginia 6
Game Over ... West Virginia defeats Auburn, 6 to 5
Thursday, March 31st , 2022 - OOTP Baseball 22.12 Build 89